 Dungeon Crawl Stone Soup version 0.28-a0-1182-g381e24db82 (webtiles) character file.

Game seed: 16928428982831468588

28 LadyOphelia the Sneak (level 2, -2/19 HPs)
             Began as a Vampire Enchanter on Dec 17, 2021.
             Slain by a jackal (3 damage)
             ... on level 1 of the Dungeon.
             The game lasted 00:01:28 (358 turns).

LadyOphelia the Sneak (Vampire Enchanter)            Turns: 358, Time: 00:01:29

Health: -2/19      AC:  3    Str:  7    XL:     2   Next: 96%
Magic:  5/5        EV: 12    Int: 17    God:
Gold:   16         SH:  0    Dex: 14    Spells: 5/5 levels left

rFire   . . .      SeeInvis +   a - +1 dagger
rCold   . . .      Faith    .   (no shield)
rNeg    . . .      Spirit   .   b - +0 robe
rPois   .          Reflect  .   (no helmet)
rElec   .          Harm     .   (no cloak)
rCorr   .          Rampage  .   (no gloves)
Will    .....                   d - +0 pair of boots
Stlth   +++.......              (no amulet)
HPRegen 0.26/turn               (no ring)
MPRegen 0.09/turn               (no ring)

@: healing quickly
A: alive, fangs 3, see invisible, vampiric 1
a: Exsanguinate


You were on level 1 of the Dungeon.
You visited 1 branch of the dungeon, and saw 1 of its levels.

You collected 16 gold pieces.

Inventory:

Hand Weapons
 a - a +1 dagger (weapon)
Armour
 b - a +0 robe (worn)
 d - a +0 pair of boots (worn)
Scrolls
 e - a scroll of amnesia {unknown}
 f - a scroll of identify {unknown}
 h - a scroll of teleportation {unknown}
Potions
 c - a potion of invisibility
 g - a potion of mutation {unknown}


   Skills:
 + Level 0.1 Fighting
 + Level 1.3 Short Blades
 + Level 2.4 Dodging
 + Level 5.1 Stealth
 + Level 2.3 Spellcasting
 + Level 4.8 Hexes


You had 5 spell levels left.
You didn't know any spells.
Your spell library contained the following spells:

 Spells                   Type           Power      Damage    Failure   Level
 Confusing Touch          Hex            18%        N/A       8%          3
 Tukima's Dance           Hex            18%        N/A       8%          3
 Ensorcelled Hibernation  Hex/Ice        20%        N/A       11%         2
 Dazzling Flash           Conj/Hex       20%        N/A       22%         3


Dungeon Overview and Level Annotations

Branches:
Dungeon (1/15)

Altars:


Innate Abilities, Weirdness & Mutations

Your natural rate of healing is accelerated.
You have razor-sharp teeth.
You have supernaturally acute eyesight. (SInv)
You are afflicted with vampirism.


Message History

The jackal is severely wounded.
The jackal bites you. The kobold hits you with a +0 whip.
You closely miss the jackal. Your bite misses the jackal.
The jackal is severely wounded.
The jackal bites you but does no damage.
The kobold barely misses you.
You closely miss the jackal.
The jackal is severely wounded.
The jackal bites you. The kobold barely misses you. The jackal misses you.
You hit the jackal.
You kill the jackal!
The kobold barely misses you.
You closely miss the jackal. You bite the jackal, but do no damage.
The jackal closely misses you. The kobold hits you with a +0 whip.
* * * LOW HITPOINT WARNING * * *
You barely miss the jackal. The jackal bites you.
* * * LOW HITPOINT WARNING * * *
The kobold barely misses you. The jackal barely misses you.
You barely miss the jackal. The jackal barely misses you.
The kobold hits you but does no damage.
You hit the jackal.
The jackal is severely wounded.
The jackal closely misses you. The kobold hits you with a +0 whip.
* * * LOW HITPOINT WARNING * * *
The jackal barely misses you.
You hit the jackal.
The jackal is almost dead.
The jackal barely misses you. The kobold closely misses you.
You closely miss the jackal.
The jackal is almost dead.
The jackal misses you. The kobold misses you.
You hit the jackal but do no damage.
The jackal is almost dead.
The jackal bites you.
* * * LOW HITPOINT WARNING * * *
The jackal completely misses you. The kobold misses you.
You closely miss the jackal. Your bite misses the jackal.
The jackal is almost dead.
The jackal bites you.
You die...

#.#####.##..♣..#####.......
#.#####.##.♣.♣..........###
#..........♣.♣♣######.#.##.
#.#####.♣##♣..♣######.#....
#..♣♣ ♣♣.♣....†..##...
#......♣.♣ .♣.#####.##.[.
#.#####♣.♣♣ .♣ ####....##
♣..♣♣ .♣ #.....#### ♣♣♣@♣
♣. ##.##...... ♣hK.♣
♣..##†..... ♣.⌠.♣
♣.♣....##### ♣...♣.. ♣....#
...... ♣.##.# .8_8.. #....#
♣♣♣♣♣♣♣#####.#
###.###.#####.#
#.....#.......#


You could see a jackal and a kobold.

Vanquished Creatures
  A dart slug (D:1)
  2 ball pythons (D:1)
  3 endoplasms (D:1)
  3 goblins (D:1)
  2 hobgoblins (D:1)
  2 jackals (D:1)
  A kobold (D:1)
  A quokka (D:1)
  4 bats (D:1)
  A frilled lizard (D:1)
  2 rats (D:1)
22 creatures vanquished.

Notes
Turn   | Place    | Note
-------+----------+-------------------------------------------
     0 | D:1      | LadyOphelia the Vampire Enchanter began the quest for the
                  | Orb.
     0 | D:1      | Reached XP level 1. HP: 13/13 MP: 3/3
   100 | D:1      | Reached XP level 2. HP: 19/19 MP: 5/5
   333 | D:1      | Found a faded altar of an unknown god.
   343 | D:1      | Reached skill level 5 in Stealth
   358 | D:1      | Slain by a jackal

Illustrated notes

Levels and vault maps discovered:
D:1:      elethiomel_arrival_shortcut, layout_loops_cross,
          shapermc_ecumenical_altar_totnotflames, minmay_hexomino_p4

Skill      XL: |  1  2 |
---------------+-------+-----
Stealth        | 5 |  5.1
Fighting       | |  0.1
Short Blades   | |  1.3
Dodging        | |  2.4
Spellcasting   | |  2.3
Hexes          | |  4.8

Action                   || total
-------------------------++-------
Melee: Dagger            ||    77
       Bite              ||     7
 Stab: Sleeping          ||     7
Armor: Robe              ||    15
Dodge: Dodged            ||    74

Table legend: (Time is in decaauts)
 A = Elapsed time spent in this place.
 B = Non-inter-level travel time spent in this place.
 C = Inter-level travel time spent in this place.
 D = Time resting spent in this place.
 E = Time spent auto-exploring this place.
 F = Levels seen in this place.
 G = Mean time per level.
                   A        B        C        D        E       F      G
               +--------+--------+--------+--------+--------+-----+--------+
         Total |    353 |    353 |      0 |      0 |    134 |   1 |  353.0 |
       Dungeon |    353 |    353 |      0 |      0 |    134 |   1 |  353.0 |
               +--------+--------+--------+--------+--------+-----+--------+

Top non-repeatable levels by time:
     D:1: 353 daAuts
